 Dungeon Crawl Stone Soup version 0.30.0-19-g36f170ea60 (webtiles) character file.

Game seed: 14221758174611594276

1052 cheesebisquit the Purveyor of Pain (level 8, 0/57 HPs)
             Began as a Hill Orc Necromancer on May 31, 2023.
             Was an Initiate of Kikubaaqudgha.
             Succumbed to a killer bee's poison
             ... on level 5 of the Dungeon.
             The game lasted 00:21:11 (5415 turns).

cheesebisquit the Purveyor of Pain (HONe)           Turns: 5415, Time: 00:21:11

Health: 0/57       AC:  4    Str: 11    XL:     8   Next: 26%
Magic:  24/24      EV: 12    Int: 17    God:    Kikubaaqudgha [......]
Gold:   12         SH:  0    Dex: 11    Spells: 4/17 levels left

rFire   . . .        f - +4 hand axe (venom)
rCold   . . .        (no shield)
rNeg    . . .        a - +2 robe
rPois   .            (no helmet)
rElec   .            (no cloak)
rCorr   .            (no gloves)
SInv    +            (no boots)
Will    .....        g - amulet of regeneration
Stlth   ++           l - ring of magical power
HPRegen 1.09/turn    j - ring of see invisible
MPRegen 0.19/turn

%: no passive effects
@: lethally poisoned (0 -> -7)
A: no striking features
a: Renounce Religion


You were on level 5 of the Dungeon.
You worshipped Kikubaaqudgha.
Kikubaaqudgha was noncommittal.
You visited 2 branches of the dungeon, and saw 7 of its levels.

You collected 276 gold pieces.
You spent 264 gold pieces at shops.

Inventory:

Hand Weapons
 d - a +0 morningstar
 f - a +4 hand axe of venom (weapon)
 t - a +0 war axe
 w - a +2 whip of electrocution
 C - a +3 spear of pain
Missiles
 p - 3 javelins
Armour
 a - a +2 robe (worn)
 D - a +0 kite shield
Jewellery
 e - a +6 ring of strength
 g - an amulet of regeneration (around neck)
 j - a ring of see invisible (right hand)
 l - a ring of magical power (left hand)
 y - a +5 ring of evasion
Wands
 s - a wand of acid (10)
 u - a wand of iceblast (7)
Scrolls
 c - 5 scrolls of teleportation
 m - a scroll of immolation
 n - a scroll of blinking {unknown}
 r - a scroll of vulnerability {unknown}
 v - a scroll of brand weapon {unknown}
 B - a scroll of magic mapping {unknown}
Potions
 b - a potion of mutation
 h - 2 potions of attraction
 k - a potion of cancellation
 x - a potion of degeneration
 z - a potion of flight
 A - a potion of might {unknown}


   Skills:
 - Level 1.5 Dodging
 - Level 1.5 Stealth
 + Level 5.3 Spellcasting
 + Level 7.8 Necromancy


You had 4 spell levels left.
You knew the following spells:

 Your Spells              Type           Power      Damage    Failure   Level
a - Necrotise             Necr           100%       1d9       1%          1
b - Vampiric Draining     Necr           31%        2d8       1%          3
c - Animate Dead          Necr           31%        N/A       5%          4
d - Agony                 Necr           31%        N/A       16%         5

Your spell library contained the following spells:

 Spells                   Type           Power      Damage    Failure   Level
 Apportation              Tloc           8%         N/A       14%         1
 Sandblast                Erth           8%         2d5       14%         1
 Passwall                 Tmut/Erth      3%         N/A       22%         2
 Stone Arrow              Conj/Erth      8%         3d7       38%         3
 Alistair's Intoxication  Tmut/Pois      2%         N/A       98%         5


Dungeon Overview and Level Annotations

Branches:
Dungeon (6/15)             Temple (1/1) D:5

Altars:
Ashenzari
Cheibriados
Dithmenos
Elyvilon
Fedhas
Gozag
Hepliaklqana
Kikubaaqudgha
Makhleb
Nemelex Xobeh
Okawaru
Qazlal
Ru
Sif Muna
Trog
Uskayaw
Vehumet
Wu Jian
Xom
Yredelemnul
Zin
The Shining One

Shops:
D:2 *   D:4 !

Annotations:
D:4 3 runed translucent doors, mattengel8991's ghost, amateur DrCj


Message History

The killer bee closely misses you.
You're too confused to move!
You feel less invigorated.
You feel less confused.
You feel sick.
You are no longer poisoned.
The killer bee misses you. The killer bee stings you.
You are poisoned.
The killer bee poisons you!
You miss the killer bee.
You feel very sick. The killer bee barely misses you.
The killer bee stings you.
You are more poisoned.
The killer bee poisons you!
You hit the killer bee.
The killer bee is poisoned.
The killer bee is lightly wounded.
You feel very sick. The killer bee stings you!
The killer bee barely misses you. The killer bee stings you.
You are more poisoned.
The killer bee poisons you!
You miss the killer bee.
The killer bee is moderately wounded.
You feel very sick. The killer bee completely misses you.
The killer bee stings you.
* * * LOW HITPOINT WARNING * * *
The killer bee stings you!
* * * LOW HITPOINT WARNING * * *
You are more poisoned.
The killer bee poisons you!
Okay, then.
Okay, then.
Okay, then.
* * * LOW HITPOINT WARNING * * *
You feel very sick. The killer bee closely misses you.
You see here a killer bee corpse.
You miss the killer bee.
The killer bee is heavily wounded.
You die...
Kikubaaqudgha rasps: "You have failed me!
Welcome... death!"

####.)####...##...........#
#..# ##.########...######
#..# #.# #......... #..#
#.# #...#####. #..#####.##
#......... #.........#
#..##...## #.######..#
#..##...## #.# #§.#
#......... #.# ##@#
#.....>... #.# #y#
#......... #.# ###.###
#..##...## #.# #..§§.#
#..##)..## #.#####..§§.##
#......... #............#
#.###).### ####.##.....##
#.# #)## #.##.....#####.#
#.# #.###.##.......# #.#


You could see a killer bee (very poisoned).

Vanquished Creatures
  An ice beast (D:5)
  A black bear (D:5)
  An ogre (D:4)
  A centaur (D:5)
  A gnoll sergeant (D:5)
  A killer bee (D:5)
  3 jellies (D:5)
  A gnoll bouda (D:5)
  2 orc priests
  A sleepcap (D:4)
  2 iguanas
  An orc wizard (D:5)
  Robin (D:3)
  15 gnolls
  4 adders
  A white imp (D:5)
  A worm (D:2)
  A dart slug (D:1)
  9 orcs
  7 endoplasms
  2 giant cockroaches
  7 hobgoblins
  7 quokkas
  4 ball pythons
  4 bats
  2 frilled lizards
  12 goblins
  7 kobolds
  5 rats
105 creatures vanquished.

Vanquished Creatures (collateral kills)
  A gnoll (D:5)
  2 endoplasms
  A goblin (D:3)
  A rat (D:1)
5 creatures vanquished.

Vanquished Creatures (others)
  An iguana zombie (D:5)
  An orc zombie (D:5)
2 creatures vanquished.

Grand Total: 112 creatures vanquished

Notes
Turn   | Place    | Note
-------+----------+-------------------------------------------
     0 | D:1      | cheesebisquit the Hill Orc Necromancer began the quest for
                  | the Orb.
     0 | D:1      | Reached XP level 1. HP: 14/14 MP: 3/3
   228 | D:1      | Reached XP level 2. HP: 20/20 MP: 1/4
   773 | D:2      | Reached XP level 3. HP: 26/26 MP: 3/6
  1015 | D:2      | Found a faded altar of an unknown god.
  1139 | D:2      | Learned a level 3 spell: Vampiric Draining
  1461 | D:2      | Found Puteyfio's General Store.
  1488 | D:2      | Bought a potion of heal wounds for 55 gold pieces
  1488 | D:2      | Bought a scroll of identify for 22 gold pieces
  1758 | D:3      | Noticed Robin
  1771 | D:2      | Reached XP level 4. HP: 33/33 MP: 7/7
  1885 | D:3      | Killed Robin
  2033 | D:3      | Reached skill level 5 in Necromancy
  2045 | D:3      | Reached XP level 5. HP: 38/38 MP: 8/9
  2312 | D:3      | Learned a level 4 spell: Animate Dead
  2713 | D:4      | Found an opulent altar of Gozag.
  3128 | D:4      | Noticed an ogre
  3136 | D:4      | Killed an ogre
  3137 | D:4      | Reached XP level 6. HP: 45/45 MP: 11/11
  3234 | D:4      | Found a runed translucent gate.
  3235 | D:4      | Found a runed translucent gate.
  3236 | D:4      | Found a runed translucent gate.
  3238 | D:4      | Noticed mattengel8991's ghost (amateur DrCj)
  3307 | D:4      | Found Ijatz's Distillery.
  3318 | D:4      | Bought a potion of degeneration for 11 gold pieces
  3318 | D:4      | Bought a potion of heal wounds for 55 gold pieces
  3318 | D:4      | Bought a potion of flight for 33 gold pieces
  3536 | D:4      | Reached skill level 6 in Necromancy
  3783 | D:5      | Entered Level 5 of the Dungeon
  3856 | D:5      | Reached XP level 7. HP: 22/50 MP: 13/13
  3862 | D:5      | Learned a level 5 spell: Agony
  4097 | D:5      | Reached skill level 7 in Necromancy
  4175 | D:5      | Found a staircase to the Ecumenical Temple.
  4186 | Temple   | Entered the Ecumenical Temple
  4413 | Temple   | Became a worshipper of Kikubaaqudgha
  4610 | D:5      | Reached XP level 8. HP: 29/57 MP: 7/15
  4841 | D:5      | Found a radiant altar of Vehumet.
  4848 | D:5      | Found a glowing silver altar of Zin.
  4856 | D:5      | Found a shadowy altar of Dithmenos.
  4863 | D:5      | Found a blossoming altar of Fedhas.
  4871 | D:5      | Found a sparkling altar of Nemelex Xobeh.
  4879 | D:5      | Found a snail-covered altar of Cheibriados.
  4884 | D:5      | Found a broken altar of Ashenzari.
  4959 | D:5      | Reached skill level 5 in Spellcasting
  5250 | D:4      | Bought a potion of ambrosia for 88 gold pieces
  5415 | D:5      | Succumbed to a killer bee's poison

Illustrated notes

Levels and vault maps discovered:
D:1:      matt_arrival_refuge, layout_rooms
D:2:      layout_basic, basic_ecumenical_altar, serial_shops, shop
D:3:      layout_rooms, uniq_robin
D:4:      layout_gridville, old_standard_altar, serial_shops,
          nicolae_shop_tiny_glass, gammafunk_ghost_nasty_kobolds
D:5:      layout_loops_ring, grunt_temple_overflow_octagram,
          minmay_temple_entry_stoned_glass
D:6:      cheibrodos_steamvent, layout_basic, hangedman_abyss_or_decor_stagger,
          nicolae_kite_square_tiling_tiny
Temple:   nicolae_temple_bog_church

Skill      XL: |  1  2  3  4  5  6  7  8 |
---------------+-------------------------+-----
Spellcasting   | 2 3 4 5 |  5.3
Necromancy     | 5 6 7 |  7.8
Dodging        | |  1.5
Stealth        | |  1.5

Action                     |  1- 3 |  4- 6 |  7- 9 || total
---------------------------+-------+-------+-------++-------
  Melee: Unarmed           |     2 |       |       ||     2
         Hand axe          |     2 |     1 |    11 ||    14
   Cast: Necrotise         |    70 |   101 |   100 ||   271
         Animate Dead      |       |       |     1 ||     1
  Evoke: Wand              |       |     2 |       ||     2
    Use: Scroll            |     2 |    11 |     2 ||    15
         Potion            |       |       |     7 ||     7
 Armour: Robe              |     7 |     4 |    13 ||    24
  Dodge: Dodged            |    18 |    42 |    62 ||   122
